 Dungeon Crawl Stone Soup version 0.28-a0-1510-gd0f6b136d3 (webtiles) character file.

Game seed: 12447215638006123326

54 Crownlay the Digger (level 3, -6/19 HPs)
             Began as a Gargoyle Earth Elementalist on Jan 15, 2022.
             Shot with an arrow by a centaur (8 damage)
             ... on level 3 of the Dungeon.
             The game lasted 00:02:50 (1742 turns).

Crownlay the Digger (Gargoyle Earth Elementalist)   Turns: 1742, Time: 00:02:50

Health: -6/19      AC:  5    Str: 11    XL:     3   Next: 91%
Magic:  5/7        EV: 11    Int: 17    God:
Gold:   150        SH:  0    Dex: 10    Spells: 2/8 levels left

rFire   . . .      SeeInvis .   f - +7 Throatcutter {drain, coup de grace}
rCold   . . .      Faith    .   (no shield)
rNeg    + . .      Spirit   .   b - +0 robe
rPois   ∞          Reflect  .   (no helmet)
rElec   +          Harm     .   (no cloak)
rCorr   .          Rampage  .   (no gloves)
Will    .....                   (no boots)
Stlth   ++........              (no amulet)
HPRegen 0.06/turn               (no ring)
MPRegen 0.10/turn               (no ring)

@: no status effects
A: sickness immunity, AC +3, negative energy resistance 1, electricity
resistance, torment resistance 1, petrification resistance
a: no special abilities


You were on level 3 of the Dungeon.
You visited 1 branch of the dungeon, and saw 3 of its levels.

You collected 150 gold pieces.

Inventory:

Hand Weapons
 a - a +0 club
 f - the +7 Throatcutter (weapon) {drain, coup de grace}
   (You found it on level 2 of the Dungeon)

   A truly terrible weapon, it drains the life of any living foe it strikes.
   It may instantly kill foes which have little health.
Missiles
 c - 64 stones
Armour
 b - a +0 robe (worn)
Scrolls
 d - a scroll of immolation {unknown}
 e - a scroll of identify {unknown}
 g - a scroll of fog {unknown}
 h - a scroll of enchant weapon {unknown}
 i - a scroll of teleportation {unknown}


   Skills:
 + Level 0.2 Long Blades
 - Level 1.5 Dodging
 - Level 2.1 Stealth
 * Level 3.3 Spellcasting
 - Level 0.7 Transmutations
 + Level 4.3 Earth Magic


You had 2 spell levels left.
You knew the following spells:

 Your Spells              Type           Power      Damage    Failure   Level
a - Sandblast             Erth           34%        2d9       2%          1
b - Passwall              Tmut/Erth      9%         N/A       9%          2
c - Stone Arrow           Conj/Erth      20%        3d8       21%         3

Your spell library contained the following spells:

 Spells                   Type           Power      Damage    Failure   Level
 Frozen Ramparts          Ice            4%         1d2       45%         3
 Petrify                  Tmut/Erth      11%        N/A       52%         4
 Ice Form                 Ice/Tmut       4%         N/A       82%         4
 Summon Ice Beast         Ice/Summ       2%         N/A       86%         4


Dungeon Overview and Level Annotations

Branches:
Dungeon (2/15)

Altars:

Shops:
D:2 :


Innate Abilities, Weirdness & Mutations

You are immune to sickness and miasma.
Your stone body is resilient. (AC +3)
You are immune to poison.
You resist negative energy. (rN+)
You are resistant to electric shocks. (rElec)
You are resistant to unholy torment.
You are immune to petrification.


Message History

4 gnolls come into view.
The gnoll shouts!
Found a stone staircase leading up.
The blast of sand hits the gnoll!
The gnoll is heavily wounded.
The gnoll shouts!
The gnoll throws a throwing net.
The throwing net hits you.
You become entangled in the net!
You struggle against the net.
You struggle against the net.
You struggle against the net.
A centaur comes into view.
The gnoll hits you with a +0 flail. The gnoll completely misses you.
You struggle against the net.
The gnoll hits you with a +0 flail.
You rip the net and break free!
The gnoll closely misses you. The gnoll barely misses you.
Casting: Sandblast (safe; 3% risk of failure)
Confirm with . or Enter, or press ? or * to list all spells.
Aiming: Sandblast (safe; 3% risk of failure)
Press: ? - help, Shift-Dir - straight line, f - gnoll, p - gnoll
Aim: a gnoll, wielding a +0 halberd and quivering a throwing net (82% to hit)
The blast of sand hits the gnoll!
The gnoll is severely wounded.
The gnoll hits you from afar with a +0 halberd!
The gnoll hits you with a +0 club.
* * * LOW HITPOINT WARNING * * *
The gnoll barely misses you.
Casting: Sandblast (safe; 3% risk of failure)
Confirm with . or Enter, or press ? or * to list all spells.
Aiming: Sandblast (safe; 3% risk of failure)
Press: ? - help, Shift-Dir - straight line, f/p - gnoll
Aim: a gnoll, wielding a +0 halberd and quivering a throwing net (severely wounded, 82% to hit)
The blast of sand hits the gnoll!
You kill the gnoll!
The gnoll misses you. The gnoll hits you with a +0 flail.
* * * LOW HITPOINT WARNING * * *
A gnoll opens the door.
The centaur wields a +0 shortbow.
The centaur shoots an arrow.
The arrow closely misses you.
The centaur shoots an arrow.
The arrow hits you!
You die...

#....#. ≈≈
<....###≈≈≈≈
######.....≈≈≈≈≈
........)..≈≈≈≈
.......g.###≈≈≈
#####'#g#c..#
#......#.⌠.#
#.....g#...#
#......@###≈.
######.........
#####..... ...#
.## #


You could see a centaur and 3 gnolls.

Vanquished Creatures
  A gnoll (D:3)
  4 dart slugs
  5 ball pythons
  3 endoplasms (D:1)
  A giant cockroach (D:1)
  A goblin (D:1)
  3 hobgoblins
  2 jackals (D:1)
  3 kobolds (D:1)
  A quokka (D:1)
  4 bats (D:1)
  2 frilled lizards (D:1)
  2 rats (D:1)
32 creatures vanquished.

Notes
Turn   | Place    | Note
-------+----------+-------------------------------------------
     0 | D:1      | Crownlay the Gargoyle Earth Elementalist began the quest
                  | for the Orb.
     0 | D:1      | Reached XP level 1. HP: 10/10 MP: 3/3
   249 | D:1      | Reached XP level 2. HP: 14/15 MP: 0/5
   467 | D:1      | Reached skill level 4 in Earth Magic
   930 | D:1      | Reached XP level 3. HP: 19/19 MP: 7/7
   933 | D:1      | Learned a level 2 spell: Passwall
   937 | D:1      | Learned a level 3 spell: Stone Arrow
  1089 | D:1      | Found a faded altar of an unknown god.
  1528 | D:2      | Found the +7 Throatcutter {drain, coup de grace}
  1563 | D:2      | Found Serinoc's Book Shop.
  1729 | D:2      | You fall into a shaft and drop 1 floor!
  1733 | D:3      | Noticed a centaur
  1742 | D:3      | Shot with an arrow by a centaur

Illustrated notes

Levels and vault maps discovered:
D:1:      mushboom_english_gardens, layout_basic,
          chequers_ecumenical_altar_simple_redux
D:2:      layout_loops_corners, serial_shops, shop_coins, minmay_pentomino_r4
D:3:      layout_basic, serial_shops, shop, shop, nicolae_square_shop,
          nicolae_shop_stone, shop, gammafunk_ghost_necromancy, fountainhead,
          minmay_statues_item, uniq_jessica

Skill      XL: |  1  2  3 |
---------------+----------+-----
Earth Magic    | 4 |  4.3
Spellcasting   | 3 |  3.3
Long Blades    | |  0.2
Dodging        | |  1.5
Stealth        | |  2.1
Transmutations | |  0.7

Action                   || total
-------------------------++-------
Melee: Club              ||    68
       Unarmed           ||     3
       Long sword        ||     6
 Cast: Sandblast         ||    17
 Stab: Sleeping          ||     3
Armor: Robe              ||    34
Dodge: Dodged            ||    70

Table legend: (Time is in decaauts)
 A = Elapsed time spent in this place.
 B = Non-inter-level travel time spent in this place.
 C = Inter-level travel time spent in this place.
 D = Time resting spent in this place.
 E = Time spent auto-exploring this place.
 F = Levels seen in this place.
 G = Mean time per level.
                   A        B        C        D        E       F      G
               +--------+--------+--------+--------+--------+-----+--------+
         Total |   1763 |   1754 |      9 |      0 |   1487 |   3 |  587.7 |
       Dungeon |   1763 |   1754 |      9 |      0 |   1487 |   3 |  587.7 |
               +--------+--------+--------+--------+--------+-----+--------+

Top non-repeatable levels by time:
     D:1: 1547 daAuts
     D:2: 202 daAuts
     D:3: 12 daAuts
